Map: Disco Bloodbath LE

Players

Namshar - Winner!

  • Race: Zerg Zerg
  • Spawn Location: 9:00

DisReSpeCT

  • Race: Terran Terran
  • Spawn Location: 3:00

VOD

Have the link to the VOD?

Description

Time

  • Played on: Sept. 6, 2019, 12:40 p.m.
  • Length: 12:49
Show
View Real Time Build Order
Export as new Build Order

Namshar Zerg - Winner!

Build Orders: Hatch First 

Get SALT Encoding   

  12  0:01  Drone  
  13  0:12  Overlord  
  13  0:16  Drone  
  14  0:30  Drone x2  
  16  0:47  Hatchery  
  15  0:50  Drone  
  15  0:54  Drone  
  17  0:57  Drone  
  18  1:08  Extractor  
  17  1:12  Spawning Pool  
  17  1:16  Drone  
  17  1:18  Drone  
  18  1:28  Drone  
  19  1:38  Drone  
  20  1:48  Overlord  
  20  1:59  Queen x2  
  20  2:00  Zergling x4  
  26  2:10  Drone x2  
  28  2:21  Drone  
  28  2:22  Drone  
  30  2:30  Extractor  
  30  2:32  Drone  
  30  2:35  Queen  
  32  2:39  Metabolic Boost  
  32  2:41  Overlord  
  32  2:42  Drone x2  
  34  2:48  Extractor  
  34  2:53  Drone  
  34  2:57  Hatchery  
  34  3:02  Drone  
  34  3:04  Extractor  
  35  3:08  Drone x4  
  35  3:11  Drone  
  41  3:13  Pneumatized Carapace  
  41  3:19  Overlord  
  41  3:20  Drone  
  41  3:21  Drone  
  41  3:23  Drone  
  44  3:29  Overlord  
  44  3:45  Queen  
  46  3:51  Drone x8  
  54  3:55  Queen  
  54  3:57  Zergling x2  
  57  4:08  Zergling x2  
  58  4:12  Drone  
  58  4:13  Spore Crawler  
  58  4:14  Drone x6  
  64  4:18  Queen  
  64  4:20  Overlord  
  64  4:21  Overlord  
  66  4:25  Overlord  
  66  4:30  Baneling Nest  
  64  4:38  Zergling x2  
  64  4:39  Zergling x2  
  64  4:46  Drone x8  
  64  4:51  Extractor  
  67  4:57  Zergling x4  
  66  5:03  Drone x6  
  71  5:08  Lair, Evolution Chamber  
  71  5:09  Extractor, Drone  
  71  5:11  Evolution Chamber  
  69  5:14  Drone x2  
  69  5:21  Drone  
  72  5:33  Zergling x6  
  72  5:34  Drone  
  76  5:36  Drone x2, Hatchery  
  76  5:39  Drone x7  
  76  5:40  Extractor  
  83  5:42  Extractor  
  83  5:47  Drone x2  
  84  5:54  Zerg Ground Armor Level 1, Zerg Melee Weapons Level 1, Extractor  
  83  5:58  Drone  
  83  5:59  Drone x2  
  86  6:06  Overlord x3  
  86  6:20  Centrifical Hooks  
  86  6:23  Hydralisk Den  
  85  6:29  Zergling x20  
  95  6:33  Hatchery  
  95  6:38  Infestation Pit  
  93  6:47  Zergling x14  
  93  6:48  Queen  
  93  6:50  Queen  
  93  6:51  Queen  
  93  6:52  Drone  
  93  6:53  Drone x6  
  113  6:57  Baneling x8  
  113  7:07  Overlord x2  
  113  7:08  Muscular Augments  
  113  7:11  Drone x2, Baneling x2  
  113  7:13  Overlord x2  
  115  7:18  Zergling x8  
  119  7:28  Hatchery  
  119  7:38  Hive  
  119  7:40  Zergling x22  
  121  7:58  Zerg Melee Weapons Level 2, Zerg Ground Armor Level 2  
  121  7:59  Overlord  
  121  8:00  Overlord x2  
  117  8:06  Hydralisk, Overlord x2  
  117  8:07  Hydralisk x7  
  133  8:19  Baneling x7  
  133  8:20  Grooved Spines  
  133  8:28  Hydralisk x4, Baneling x2  
  133  8:29  Zergling x14  
  148  8:37  Hydralisk x2, Zergling x2  
  148  8:38  Zergling x6  
  156  8:43  Drone  
  156  8:44  Spire  
  156  8:46  Overlord  
  156  8:48  Drone x2  
  156  8:49  Drone  
  156  8:51  Baneling x3  
  156  8:52  Zergling x14  
  166  8:58  Baneling  
  166  8:59  Baneling x11  
  166  9:07  Zergling x18  
  166  9:09  Viper  
  178  9:15  Baneling x3  
  178  9:16  Zergling x10, Baneling  
  183  9:22  Baneling  
  183  9:23  Baneling x3  
  183  9:26  Zergling x18  
  192  9:37  Zergling x22  
  191  9:47  Baneling x9  
  191  9:48  Zergling x10  
  194  9:57  Overlord x2, Baneling  
  194  9:58  Greater Spire  
  194  10:00  Zergling x6, Extractor  
  194  10:02  Baneling x3  
  194  10:05  Adrenal Glands  
  196  10:12  Zergling x2  
  196  10:13  Zergling x10  
  177  10:20  Zergling x8  
  177  10:21  Zergling x16  
  148  10:29  Hydralisk, Zergling x6  
  150  10:35  Baneling  
  150  10:36  Baneling x8  
  150  10:38  Drone x2  
  150  10:39  Drone  
  150  10:40  Drone x2  
  150  10:41  Drone  
  156  10:43  Drone  
  156  10:44  Baneling x6  
  156  10:48  Zergling x16  
  161  10:58  Zergling x16  
  161  11:02  Zergling x4  
  153  11:05  Baneling x7  
  153  11:06  Zergling x2  
  153  11:08  Zergling x2  
  153  11:11  Zergling x18  
  145  11:19  Hydralisk  
  145  11:20  Zergling x14  
  145  11:24  Viper x2  
  142  11:27  Hydralisk  
  142  11:29  Hydralisk  
  146  11:39  Zergling x10  
  151  11:49  Baneling x4  
  151  11:50  Zergling x26  
  151  11:53  Baneling x3  
  164  11:56  Zergling x2  
  164  11:57  Zergling x4  
  166  12:02  Zergling x4  
  166  12:07  Drone  
  169  12:08  Extractor  
  169  12:09  Drone x2  
  169  12:10  Drone  
  169  12:11  Zergling x22  
  181  12:21  Zergling x10  
  163  12:26  Baneling  
  163  12:27  Baneling x13  
Show
View Real Time Build Order
Export as new Build Order

DisReSpeCT Terran 

Build Orders: Gas First Reaper Expand, Liberator Opening 

Get SALT Encoding   

  12  0:00  SCV  
  13  0:13  SCV  
  14  0:17  Supply Depot  
  14  0:25  SCV  
  15  0:29  Refinery  
  15  0:38  SCV  
  16  0:44  Barracks  
  16  0:50  SCV  
  17  1:02  SCV  
  18  1:15  SCV  
  19  1:31  Orbital Command, Reaper  
  20  1:42  Command Center  
  20  1:53  Factory  
  20  1:57  SCV  
  21  2:06  Barracks Reactor  
  21  2:09  SCV  
  21  2:13  Supply Depot  
  22  2:17  Refinery  
  22  2:21  SCV  
  24  2:37  SCV  
  24  2:45  Starport  
  24  2:51  SCV  
  25  2:58  Orbital Command  
  25  3:03  SCV  
  26  3:06  Liberator  
  26  3:07  Hellion x2  
  26  3:08  Barracks Tech Lab  
  30  3:15  SCV  
  31  3:26  SCV  
  35  3:27  SCV  
  35  3:29  Hellion x2  
  35  3:33  Supply Depot  
  40  3:38  Marine  
  41  3:42  SCV x2  
  43  3:50  Hellion  
  43  3:54  SCV  
  43  3:55  SCV, Hellion  
  49  3:56  Liberator  
  49  4:01  Marine, Stimpack  
  50  4:04  Supply Depot  
  50  4:06  SCV  
  54  4:26  SCV x2  
  54  4:27  Command Center  
  54  4:30  Supply Depot  
  56  4:38  SCV x2  
  56  4:45  Factory Reactor  
  56  4:48  Barracks x2  
  56  4:50  SCV  
  54  5:05  SCV x2  
  45  5:09  Marine, Starport Reactor, Refinery  
  45  5:12  Engineering Bay  
  45  5:13  Engineering Bay  
  45  5:14  Supply Depot  
  46  5:17  SCV x2  
  48  5:27  Marine  
  49  5:29  SCV x2  
  49  5:30  Factory Tech Lab  
  51  5:37  Marine x2  
  51  5:40  Terran Infantry Armor Level 1, Terran Infantry Weapons Level 1  
  51  5:41  SCV x2  
  55  5:45  Barracks  
  55  5:46  Orbital Command  
  55  5:48  Barracks, Combat Shield  
  55  5:49  Marine x3  
  58  5:51  Refinery  
  58  5:53  SCV x2, Medivac  
  58  5:54  Medivac  
  64  6:05  Marine x2  
  64  6:07  Marine x2, SCV  
  64  6:08  Marine  
  70  6:19  Siege Tank, SCV  
  70  6:22  Orbital Command  
  70  6:23  Marine x2  
  70  6:25  Marine x2  
  76  6:27  Armory  
  76  6:32  Marine  
  78  6:34  Medivac  
  78  6:36  SCV x2  
  78  6:39  Barracks Reactor x2  
  83  6:41  Marine x2  
  85  6:48  SCV x2  
  85  6:53  Marine x3  
  90  6:54  Siege Tank  
  93  7:03  Supply Depot  
  93  7:04  Supply Depot  
  93  7:05  Supply Depot  
  93  7:06  Marine x2, SCV  
  93  7:24  Marine x3, SCV x3, Medivac  
  93  7:25  Marine x2  
  93  7:26  Siege Tank  
  104  7:33  Supply Depot  
  104  7:34  Supply Depot  
  104  7:35  Marine  
  104  7:36  Marine x3, SCV  
  110  7:37  SCV  
  110  7:38  SCV  
  110  7:41  Factory  
  110  7:45  Marine x4  
  110  7:46  Medivac  
  112  7:58  Siege Tank  
  110  8:06  Marine x3  
  110  8:07  Marine x5  
  110  8:08  Terran Infantry Weapons Level 2  
  110  8:10  SCV  
  118  8:13  Command Center  
  118  8:14  Refinery  
  118  8:17  Terran Vehicle Weapons Level 1  
  118  8:18  SCV, Barracks  
  118  8:19  Marine, Barracks x2  
  120  8:23  SCV x2  
  120  8:24  Marine, Terran Infantry Armor Level 2  
  120  8:26  Factory Tech Lab  
  123  8:27  Marine x5  
  123  8:30  SCV  
  129  8:35  Marine x2, SCV  
  129  8:37  Marine  
  133  8:46  Supply Depot  
  133  8:47  Supply Depot  
  133  9:06  Barracks Reactor, Barracks Tech Lab x2  
  133  9:07  Marine x4, Siege Tank, SCV  
  133  9:08  Marine x4, Siege Tank, SCV  
  149  9:14  Supply Depot  
  149  9:15  Supply Depot x2  
  149  9:25  Marine x5, SCV, Medivac  
  157  9:37  Marine x5  
  152  9:39  Siege Tank  
  152  9:40  Siege Tank  
  158  9:48  Marine x7  
  158  9:49  Medivac  
  158  9:50  SCV  
  158  9:52  SCV  
  168  9:58  SCV, Refinery  
  168  9:59  Marine x3  
  170  10:00  Ghost Academy, Marauder x3  
  170  10:02  SCV  
  170  10:06  Marine  
  180  10:11  Siege Tank  
  180  10:12  Siege Tank  
  159  10:17  Marine x7  
  159  10:18  Marine, Refinery  
  159  10:19  Refinery  
  167  10:22  Marauder x2  
  156  10:29  Marine x3  
  156  10:32  SCV x2  
  156  10:35  Marine x3  
  164  10:37  Marine x5  
  164  10:38  SCV  
  164  10:41  Planetary Fortress  
  164  10:42  Marine, Ghost  
  170  10:43  Siege Tank  
  170  10:47  Marine x3  
  179  10:53  Marine  
  180  11:01  Marauder  
  180  11:02  Marine x7  
  183  11:05  Marine x2, Marauder  
  183  11:10  Marine  
  188  11:16  Siege Tank, Medivac  
  188  11:17  Marauder  
  179  11:19  Marine  
  179  11:22  Marauder  
  179  11:23  Marine x4  
  152  11:27  Marauder  
  152  11:28  Marine x2  
  152  11:29  Siege Tank, Medivac  
  152  11:30  SCV x2  
  152  11:38  Marauder  
  154  11:44  Marauder  
  156  11:48  Siege Tank  
  159  12:01  Marine x4, Marauder x2  
  159  12:02  Marine x6  
  159  12:03  Siege Tank  
  159  12:07  SCV x2  
  141  12:25  Marine x3, Marauder x2  
  141  12:27  Marine x2, Marauder  
Tags
 
Add a new tag
Caveats
  • Supply blocks, unpowered buildings, or Contaminate may cause inaccurate times.
  • Supply counts are checked every 10 seconds.